Fyjr, chaotic female orcish Wizard ----- --------- |<..--- ------.......-- --------------- |.....---|.........--..| .-...-. |.......)..d@.| --..|....|.---------|..| |>....|# --.---|--.----@| --.|-.....- ---- ------ --....|-.- |..|...|-.|.-..| |........ |..-.| --..|...--|..|--.-..--|..| ----.|.).. -.. |..|.| ---|-)....-.--........--|| -----..|....|.)...---- |..|.| --......--.(..........[...| ------ |.)|.............---.- ---|.- |.......-|..--------|--..-- |%%%%| -......---...........---- |.| |...{.)..| |.(..*.*..|..-- |....| |........ |...........---|.| --...=...| |.*..!)[..|...| ---|-- ----)...- --...---......-|.| --....--| -----------...| --.---... |...-- --...|. ---...|.--..|...|....|------ |.......- -.........|..--- -.... --....|........---...-|.(`(| |.------- ...............-|---|-----..-|..........--....--...-[(((| |.|...| -----.....{....----...............|...........|-...|...-|..((| |.|...| |..............-- -|--.---------......... |........|------ |.--|------- ||-----.........| ...|.|.(((| --.......- |...|....|--------.....|....| |...| --..------- ...|.-.((.| ---...--- --..|...--......|......[..-|| |...| --- --|....| -----.....----........|..|.| --- ------ ------- ---------- --- Fyjr the Thaumaturge Experience level: 6 Strength: 10 Dexterity: 16 Constitution: 17 Intelligence: 15 Wisdom: 12 Charisma: 10 Health: 0(43) Energy: 22(51) Def: 5 Gold: 170 Moves: 2976 Dungeon seed: IjAceuAqP_cUTGJh Game ID: Fyjr_1512501967 Your Inventory: Coins $ - 170 gold pieces Weapons a - a blessed +1 quarterstaff (weapon in hands) m - 2 uncursed +0 orcish daggers E - a blessed thoroughly rusty +0 long sword Armor e - an uncursed +0 cloak of magic resistance (being worn) n - an uncursed +0 orcish helm (being worn) r - an uncursed +0 large shield z - an uncursed +0 pair of iron shoes (being worn) K - an uncursed +0 pair of leather gloves (being worn) Comestibles i - 2 uncursed cream pies j - an uncursed fortune cookie o - an uncursed pear I - 2 uncursed food rations S - an uncursed carrot Scrolls k - an uncursed scroll of remove curse l - an uncursed scroll of enchant weapon x - an uncursed scroll of identify A - an uncursed scroll of enchant armor D - an uncursed scroll of earth R - a cursed scroll of remove curse Spellbooks p - an uncursed spellbook of magic missile M - an uncursed spellbook of create familiar Potions t - an uncursed potion of healing u - an uncursed potion of invisibility G - an uncursed potion of gain energy T - an uncursed potion of monster detection Wands b - an uncursed wand of striking (0:6) J - an uncursed wand of sleep (0:4) Tools h - an uncursed blindfold B - 12 uncursed partly used tallow candles (0:99) H - an uncursed skeleton key O - an uncursed tin opener W - a blessed magic lamp X - an uncursed tallow candle (0:200) Y - an uncursed tin whistle Gems q - an uncursed worthless piece of yellowish brown glass L - an uncursed obsidian stone Spells and supernatural/magical abilities: Spells marked with '*' are forgotten. Spells marked with '!' are maintained. Spells marked with '#' are aliased with 'castalias'. Name Level Category Fail Memory a - force bolt 1 attack 0% 96% m - magic missile 2 attack 0% 96% n - detect monsters 1 divination 0% 96% K - cure sickness 3 healing 94% 96% W - pray for help -- divine ? -- Your skills at the end: Fighting Skills wands [Basic] Weapon Skills quarterstaff [Basic] Spellcasting Skills attack spells [Skilled] enchantment spells [Basic] Final Attributes: You were immune to poison. You were magic resistant. You had infravision. You were lucky. You last prayed 534 turns ago. You are dead. Vanquished creatures: 2 small mimics 3 watchmen a dust vortex 2 water nymphs a rock mole 6 gnome lords 4 gnomish wizards a straw golem 2 giant ants 7 dwarves a kobold lord a wererat 2 hobbits a large kobold 2 giant rats 2 red molds 23 gnomes 3 jackals a goblin 7 sewer rats 9 grid bugs 5 bats 5 lichens a kobold zombie 7 newts 99 creatures vanquished. Voluntary challenges: You had been an atheist until turn 2439. You used a wielded weapon 55 times, starting on turn 4. You read items or engraved 14 times, starting on turn 117. You never genocided any monsters. You never polymorphed an object. You never changed form. You used no wishes. You never split a pudding. You never wrote Elbereth's name. You violated your moral code, losing 1 point of alignment, starting on turn 1837. Dungeon overview: The Dungeons of Doom: levels 1 to 3 Level 1 a long staircase Level 2 a fountain, a vault Level 3 a general store stairs to The Gnomish Mines The Gnomish Mines: levels 4 to 6 Level 4 stairs to The Dungeons of Doom Level 5 Level 6 <- You were here many shops, some fountains History has recorded: On T:1 you entered the Dungeons of Doom to retrieve the Amulet of Yendor! On T:498 you reached level 2 of The Dungeons of Doom. On T:499 you advanced to experience level 2. On T:966 you reached level 3 of The Dungeons of Doom. On T:1096 you advanced to experience level 3. On T:1338 you reached level 1 of The Gnomish Mines. On T:1372 you advanced to experience level 4. On T:1478 you reached level 2 of The Gnomish Mines. On T:1575 you advanced to experience level 5. On T:1735 you reached level 3 of The Gnomish Mines. On T:2507 you advanced to experience level 6. Score breakdown: Gold: 170 ( 7595 points) Experience: 6 levels (12456 points) Exploration: 6 levels ( 12.50%) ( 9784 points) Discoveries: 13 items ( 4.55%) ( 6396 points) Valuables value: (no points given unless you survive) Artifact value: 0 ( 0 points) Variety of kills: 25 monsters ( 6.58%) ( 7694 points) Turncount: 2976 turns ( -588 points) Survival: died (score multiplied by 80%) Total score: 34669 Latest messages: The watch captain swings her silver saber at you. The watch captain hits! You hear some noises in the distance. (2x) The magic missile hits the watch captain! The magic missile bounces! You hear some noises in the distance. The magic missile hits the watch captain! The magic missile whizzes by the watch captain! The watchman throws a knife! The knife misses the housecat. The housecat moves only reluctantly. The watch captain swings her silver saber at you. The watch captain hits! The watch captain swings her silver saber at you. The watch captain hits! You die... Final status: Goodbye Fyjr the Wizard, killed by a watch captain... You died in The Gnomish Mines on dungeon level 6 with 34669 points, and 170 pieces of gold, after 2976 moves. You were level 6 with a maximum of 43 hit points when you died.